Map: Deathaura LE

Players

DPGZest (Zest)

  • Race: Protoss Protoss
  • Spawn Location: 5:00

Serral - Winner!

  • Race: Zerg Zerg
  • Spawn Location: 11:00

Event: StayAtHome Story Cup #3

VOD

Have the link to the VOD?

Description

Time

  • Played on: March 12, 2021, 8:55 a.m.
  • Length: 24:33

All games in this series

Show
View Real Time Build Order
Export as new Build Order

DPGZest Protoss 

Build Orders: 1 Gate Expand, Oracle Opening, Carriers, Zealot Archon 

Get SALT Encoding   

  12  0:00  Probe  
  13  0:12  Probe  
  14  0:18  Pylon  
  14  0:25  Probe (Chrono Boost)  
  15  0:37  Probe (Chrono Boost)  
  15  0:40  Gateway  
  16  0:46  Probe (Chrono Boost)  
  16  0:49  Assimilator  
  17  0:51  Probe  
  18  1:03  Probe  
  19  1:15  Probe  
  20  1:26  Nexus  
  20  1:35  Cybernetics Core  
  20  1:39  Probe  
  21  1:45  Assimilator  
  21  1:51  Probe  
  22  1:54  Pylon  
  22  2:03  Probe (Chrono Boost)  
  23  2:13  Adept  
  23  2:15  Probe (Chrono Boost)  
  26  2:17  Stargate  
  26  2:19  Probe (Chrono Boost)  
  27  2:26  Warp Gate  
  27  2:31  Probe (Chrono Boost)  
  28  2:37  Probe (Chrono Boost)  
  28  2:43  Adept  
  32  2:47  Probe x2 (Chrono Boost)  
  33  2:52  Probe (Chrono Boost)  
  33  2:53  Void Ray (Chrono Boost)  
  33  2:54  Probe  
  35  3:04  Probe  
  40  3:06  Probe  
  40  3:11  Pylon  
  41  3:15  Gateway  
  41  3:17  Probe  
  41  3:18  Probe  
  43  3:26  Oracle (Chrono Boost)  
  46  3:29  Probe  
  46  3:30  Probe  
  48  3:41  Probe  
  49  3:42  Probe  
  49  3:47  Nexus  
  50  3:50  Pylon  
  50  3:55  Probe x2  
  52  3:57  Assimilator  
  52  3:59  Assimilator  
  52  4:04  Stargate  
  52  4:07  Probe x2  
  54  4:11  Pylon  
  54  4:19  Probe  
  54  4:20  Probe  
  54  4:21  Void Ray  
  60  4:31  Probe  
  60  4:32  Probe  
  62  4:41  Twilight Council, Forge  
  62  4:44  Probe x2 (Chrono Boost)  
  64  4:47  Pylon  
  66  4:53  Probe x2 (Chrono Boost)  
  66  4:57  Pylon  
  66  4:58  Shield Battery  
  66  4:59  Probe (Chrono Boost), Void Ray  
  67  5:02  Void Ray  
  67  5:03  Probe x2 (Chrono Boost)  
  73  5:10  Probe (Chrono Boost)  
  73  5:13  Probe (Chrono Boost)  
  80  5:16  Probe (Chrono Boost)  
  80  5:17  Protoss Ground Weapons Level 1 (Chrono Boost)  
  80  5:20  Probe x2 (Chrono Boost), Charge  
  82  5:24  Probe (Chrono Boost)  
  82  5:26  Probe x2 (Chrono Boost)  
  85  5:30  Assimilator  
  85  5:33  Assimilator  
  85  5:34  Probe  
  85  5:35  Robotics Facility  
  86  5:38  Probe  
  86  5:40  Probe, Photon Cannon  
  88  5:43  Gateway  
  88  5:45  Gateway  
  88  5:49  Gateway  
  88  5:54  Templar Archives, Probe x2  
  88  5:55  Probe  
  91  6:03  Pylon  
  91  6:07  Nexus  
  91  6:12  Pylon  
  91  6:23  Gateway x2  
  91  6:24  Gateway  
  91  6:25  Observer (Chrono Boost), Gateway  
  92  6:27  Pylon  
  92  6:33  Shield Battery  
  92  6:34  Gateway  
  92  6:35  Gateway  
  92  6:38  High Templar x2  
  92  6:39  High Templar x2  
  100  6:40  Pylon  
  100  6:43  Archon x2  
  100  6:50  Warp Prism  
  100  6:51  Zealot  
  104  6:58  Psionic Storm  
  104  7:00  Pylon  
  101  7:12  High Templar x3  
  107  7:26  High Templar, Zealot x5  
  119  7:32  Probe x4  
  119  7:36  Protoss Ground Weapons Level 2 (Chrono Boost)  
  123  7:37  Assimilator  
  123  7:41  Assimilator  
  123  7:42  Photon Cannon x2  
  123  7:46  Photon Cannon  
  123  7:47  Zealot x3  
  123  7:48  Zealot x2  
  123  7:50  Immortal (Chrono Boost)  
  133  7:55  Photon Cannon  
  137  8:10  Stargate  
  137  8:12  Fleet Beacon  
  137  8:26  Immortal (Chrono Boost)  
  137  8:30  High Templar  
  137  8:31  High Templar  
  137  8:33  Protoss Air Weapons Level 1 (Chrono Boost)  
  145  8:37  Pylon  
  145  8:39  Probe x4, Pylon  
  145  8:40  Pylon  
  149  8:42  Pylon  
  149  8:51  Probe x2  
  149  8:52  Photon Cannon  
  149  8:53  Shield Battery  
  149  8:55  Nexus  
  151  8:57  Pylon  
  151  9:08  Carrier x2 (Chrono Boost)  
  151  9:09  Carrier (Chrono Boost)  
  149  9:12  Pylon  
  167  9:23  Zealot  
  167  9:24  Zealot x3  
  171  9:26  Observer (Chrono Boost)  
  174  9:36  Zealot x3  
  173  9:40  Archon  
  173  9:41  Zealot x4  
  156  9:47  High Templar x2  
  156  9:49  Protoss Ground Weapons Level 3 (Chrono Boost)  
  158  10:01  Carrier (Chrono Boost)  
  158  10:06  Carrier (Chrono Boost)  
  158  10:07  Carrier (Chrono Boost)  
  176  10:20  High Templar  
  176  10:21  High Templar  
  180  10:25  Protoss Air Weapons Level 2 (Chrono Boost)  
  180  10:29  Observer, Archon  
  180  10:33  Zealot x9  
  198  10:41  Photon Cannon x2  
  198  10:42  Shield Battery  
  198  10:44  Shield Battery  
  198  10:45  Pylon  
  198  10:47  Blink  
  198  11:06  Observer (Chrono Boost)  
  197  11:25  High Templar x2  
  197  11:30  Archon, High Templar x2  
  197  11:31  High Templar x4  
  169  11:34  Archon  
  169  11:35  Archon, Zealot x3  
  175  11:41  Archon  
  175  11:49  Assimilator  
  175  11:51  Assimilator  
  175  11:58  Zealot x2  
  175  11:59  Zealot x3  
  185  12:05  Zealot  
  185  12:06  Zealot x5  
  197  12:12  Immortal (Chrono Boost)  
  197  12:28  Robotics Facility  
  197  12:29  Robotics Facility  
  175  12:37  Protoss Shields Level 1 (Chrono Boost)  
  175  12:41  Immortal (Chrono Boost)  
  175  12:42  Robotics Bay  
  175  12:43  Oracle (Chrono Boost)  
  180  12:51  High Templar x3  
  180  12:52  High Templar  
  180  12:55  Protoss Air Weapons Level 3 (Chrono Boost)  
  180  12:57  Archon  
  180  12:58  Archon  
  188  12:59  Zealot x6  
  188  13:03  Zealot  
  192  13:05  Immortal (Chrono Boost)  
  196  13:15  Immortal (Chrono Boost)  
  195  13:27  Immortal (Chrono Boost)  
  189  13:39  Gravitic Boosters  
  183  13:52  Gateway x2  
  183  13:54  Gateway  
  183  13:57  Zealot x2  
  183  13:58  Gateway, Zealot x6  
  199  14:03  Observer  
  184  14:26  Observer (Chrono Boost)  
  184  14:27  Protoss Shields Level 2 (Chrono Boost)  
  185  14:36  Gravitic Drive  
  185  14:41  Immortal (Chrono Boost)  
  185  14:45  Immortal (Chrono Boost)  
  193  14:51  Immortal (Chrono Boost)  
  197  14:57  Dark Shrine  
  190  15:23  Immortal  
  190  15:28  Zealot x7, Protoss Air Armor Level 1  
  189  15:43  Zealot x5  
  180  15:54  Archon  
  161  16:02  Stalker x11  
  161  16:03  Stalker x2  
  187  16:07  Carrier (Chrono Boost)  
  187  16:08  Carrier x2 (Chrono Boost)  
  193  16:16  Warp Prism (Chrono Boost)  
  191  16:18  Observer (Chrono Boost)  
  191  16:19  Observer (Chrono Boost)  
  193  16:31  Nexus  
  193  16:33  Pylon  
  193  16:38  High Templar x3  
  157  17:27  Stalker x5  
  157  17:28  Stalker x4  
  157  17:29  Stalker x3  
  175  17:32  Void Ray x3 (Chrono Boost)  
  175  17:43  Flux Vanes  
  180  17:50  Protoss Air Armor Level 2  
  179  17:52  Stalker x2  
  179  17:53  Stalker x5  
  179  17:54  Stalker x3  
  160  18:24  Nexus  
  150  18:28  Stalker x4  
  150  18:29  Stalker x9  
  176  18:34  Warp Prism (Chrono Boost)  
  176  18:35  Observer (Chrono Boost)  
  179  18:47  Observer (Chrono Boost)  
  180  18:53  Warp Prism (Chrono Boost)  
  178  19:21  High Templar x4  
  178  19:22  High Templar  
  188  19:38  Pylon  
  188  19:41  Pylon  
  177  20:15  Dark Templar x5  
  177  20:16  Dark Templar x3  
  184  20:26  Observer  
  184  20:39  Archon x3  
  184  20:40  Archon  
  160  21:19  Stalker  
  160  21:20  Stalker x8  
  160  21:21  Stalker x4  
  147  21:50  Observer  
  137  22:01  High Templar x2  
  137  22:02  High Templar x3  
  137  22:03  Stalker x8  
  157  22:27  Zealot x7  
  157  22:28  Zealot  
  173  22:34  Zealot x5  
  181  22:38  Photon Cannon  
  181  22:40  Shield Battery  
  167  22:50  Dark Templar x2  
  161  22:52  Zealot x2  
  161  22:57  Archon  
  161  22:58  Zealot x2  
  169  23:04  Zealot  
  170  23:13  Dark Templar  
  172  23:22  Zealot  
  76  24:30  Archon  
Show
View Real Time Build Order
Export as new Build Order

Serral Zerg - Winner!

Build Orders: Hatch First 

Get SALT Encoding   

  12  0:00  Drone  
  13  0:12  Overlord  
  13  0:17  Drone  
  14  0:30  Drone x2  
  16  0:50  Hatchery  
  16  0:52  Drone  
  16  0:54  Drone  
  17  0:58  Drone  
  18  1:09  Extractor  
  17  1:14  Spawning Pool  
  17  1:18  Drone  
  17  1:20  Drone  
  18  1:28  Drone  
  19  1:38  Drone  
  20  1:48  Overlord  
  20  2:02  Queen x2  
  20  2:03  Zergling x4  
  26  2:11  Drone  
  26  2:12  Metabolic Boost  
  26  2:15  Drone  
  28  2:21  Drone  
  29  2:24  Drone  
  30  2:33  Drone  
  30  2:34  Drone  
  32  2:43  Hatchery  
  31  2:47  Queen  
  33  2:52  Overlord  
  33  2:54  Drone  
  33  2:57  Drone  
  35  3:01  Zergling x2  
  35  3:13  Drone x5  
  35  3:15  Overlord  
  35  3:19  Queen  
  40  3:26  Overlord  
  42  3:28  Overlord  
  42  3:37  Drone  
  43  3:44  Queen  
  43  3:45  Drone x2  
  43  3:46  Drone  
  43  3:47  Drone x2  
  50  3:49  Spore Crawler  
  50  3:51  Drone  
  50  3:53  Zergling x2  
  50  3:55  Drone  
  52  3:56  Queen  
  52  3:59  Spore Crawler  
  52  4:01  Drone  
  55  4:02  Drone  
  55  4:06  Zergling x2  
  55  4:07  Drone x2  
  58  4:10  Drone  
  58  4:12  Drone  
  60  4:18  Drone x2  
  60  4:19  Drone x2  
  60  4:23  Drone  
  62  4:29  Overlord  
  62  4:30  Drone x4  
  66  4:37  Drone x2  
  66  4:39  Spore Crawler  
  66  4:44  Lair, Baneling Nest  
  64  4:45  Zergling x2  
  64  4:48  Drone x3  
  64  4:49  Drone  
  64  4:52  Extractor, Drone  
  68  4:53  Extractor, Drone  
  68  4:55  Drone  
  68  4:56  Drone  
  68  4:57  Drone  
  71  5:00  Overlord  
  71  5:04  Extractor  
  71  5:05  Extractor, Overlord  
  69  5:10  Overlord  
  69  5:11  Drone x4  
  69  5:13  Zergling x2  
  74  5:19  Overlord  
  74  5:20  Drone x3  
  77  5:23  Drone  
  77  5:24  Drone x2  
  77  5:25  Drone, Evolution Chamber  
  79  5:29  Drone x2  
  79  5:34  Extractor  
  80  5:35  Drone  
  80  5:38  Drone x2  
  80  5:40  Queen x2  
  86  5:46  Drone x3  
  86  5:48  Hatchery  
  88  5:51  Zergling x6  
  88  5:52  Drone  
  88  5:53  Drone  
  93  6:00  Hydralisk Den  
  93  6:02  Drone x4  
  96  6:08  Drone, Overlord  
  96  6:09  Drone x2  
  96  6:10  Queen  
  101  6:14  Drone  
  101  6:15  Drone  
  103  6:19  Overlord  
  103  6:23  Centrifical Hooks  
  103  6:24  Zerg Missile Weapons Level 1  
  103  6:25  Pneumatized Carapace  
  103  6:26  Overseer  
  103  6:29  Overlord  
  103  6:30  Drone x3, Overlord x2  
  106  6:33  Muscular Augments  
  106  6:36  Hydralisk x2  
  106  6:38  Hydralisk  
  111  6:42  Hydralisk  
  111  6:43  Hydralisk  
  115  6:47  Hydralisk  
  115  6:48  Hydralisk x2  
  115  6:52  Hydralisk  
  122  6:55  Hydralisk, Overlord  
  122  6:56  Hydralisk  
  126  7:05  Hydralisk x3  
  126  7:06  Zergling x2  
  126  7:08  Baneling x6  
  133  7:11  Zergling x6  
  133  7:15  Zergling x2  
  137  7:18  Zergling x12  
  143  7:26  Zergling x12  
  143  7:29  Infestation Pit  
  148  7:33  Drone x3, Evolution Chamber  
  148  7:35  Extractor x2  
  148  7:37  Drone  
  148  7:39  Drone  
  148  7:44  Drone x2, Grooved Spines  
  151  7:48  Overlord  
  151  7:49  Overlord  
  151  7:50  Drone x3  
  154  7:54  Hydralisk  
  154  7:55  Hatchery, Hydralisk x2, Spore Crawler  
  158  8:01  Zergling x2  
  158  8:03  Overlord x5  
  159  8:05  Hive  
  159  8:08  Zerg Ground Armor Level 1  
  159  8:14  Spire  
  159  8:18  Zerg Melee Weapons Level 1  
  159  8:19  Zergling x4  
  163  8:20  Zergling x10  
  163  8:25  Overlord  
  163  8:29  Zergling x14  
  170  8:37  Baneling x4  
  170  8:42  Overlord  
  170  8:43  Overseer  
  170  8:44  Zergling x24  
  182  8:52  Drone x8  
  190  9:08  Drone, Spire  
  190  9:09  Drone x2  
  189  9:16  Extractor x2  
  187  9:17  Drone  
  187  9:18  Drone  
  187  9:19  Spine Crawler  
  187  9:20  Spine Crawler  
  187  9:21  Viper x3  
  187  9:22  Ultralisk Cavern  
  195  9:26  Corruptor x2  
  195  9:29  Zerg Flyer Weapons Level 1  
  184  9:41  Zergling x34  
  171  9:47  Hydralisk x3  
  171  9:48  Hydralisk, Zergling x8  
  177  9:58  Baneling x7  
  177  10:01  Hydralisk x3  
  177  10:02  Zergling x10  
  177  10:05  Zerg Ground Armor Level 2  
  188  10:08  Anabolic Synthesis  
  188  10:17  Zerg Melee Weapons Level 2  
  188  10:19  Drone  
  189  10:22  Drone  
  189  10:31  Ultralisk x2  
  196  10:42  Spore Crawler  
  196  10:43  Spore Crawler  
  196  10:44  Spore Crawler  
  196  10:46  Spore Crawler  
  196  10:48  Spore Crawler  
  196  10:49  Pathogen Glands, Spore Crawler, Burrow  
  190  10:50  Corruptor x4  
  190  10:51  Chitinous Plating  
  190  10:53  Spine Crawler  
  190  10:55  Hatchery  
  196  10:59  Drone  
  196  11:00  Drone x2  
  196  11:03  Baneling x4  
  196  11:29  Ultralisk  
  196  11:30  Ultralisk  
  193  11:40  Zergling x2  
  193  11:41  Zergling x12  
  193  11:43  Greater Spire  
  193  11:44  Zerg Flyer Armor Level 1  
  199  11:47  Spore Crawler  
  199  11:48  Spore Crawler  
  199  11:49  Overseer x2  
  199  11:50  Spore Crawler  
  199  11:51  Spore Crawler  
  195  12:00  Corruptor x2  
  199  12:03  Spore Crawler  
  199  12:05  Corruptor  
  194  12:18  Corruptor  
  194  12:19  Corruptor x3  
  197  12:28  Corruptor x3  
  194  12:32  Ultralisk  
  194  12:35  Baneling x4  
  194  12:43  Zerg Melee Weapons Level 3, Zerg Ground Armor Level 3  
  193  12:49  Spore Crawler x3  
  193  12:50  Spore Crawler  
  193  12:51  Drone x5, Spore Crawler  
  192  12:52  Drone, Overseer, Spore Crawler  
  192  12:53  Drone x2  
  193  13:09  Overseer  
  193  13:10  Overseer x2  
  193  13:22  Zerg Flyer Weapons Level 2  
  193  13:23  Overseer  
  193  13:26  Ultralisk  
  197  13:31  Ultralisk x3  
  197  13:32  Infestor x2  
  197  13:33  Infestor  
  197  13:38  Neural Parasite  
  197  13:47  Infestor  
  199  13:51  Spine Crawler  
  199  13:52  Spine Crawler  
  199  13:53  Spine Crawler  
  199  13:54  Drone, Spine Crawler  
  199  13:55  Drone x4  
  200  14:34  Zerg Flyer Armor Level 2  
  200  14:49  Spore Crawler  
  200  14:50  Drone  
  200  14:52  Spore Crawler  
  199  14:53  Drone  
  200  15:42  Brood Lord x4  
  173  15:59  Overlord, Corruptor x2  
  173  16:00  Corruptor x3  
  173  16:01  Brood Lord x3  
  173  16:02  Brood Lord  
  189  16:08  Brood Lord  
  189  16:10  Extractor  
  189  16:11  Extractor, Corruptor x4  
  183  16:15  Brood Lord x2  
  188  16:23  Infestor x3  
  194  16:27  Spine Crawler x2  
  194  16:29  Infestor  
  192  16:34  Infestor x3  
  192  16:39  Zergling x2  
  199  16:40  Zergling x10  
  200  16:58  Hatchery  
  200  16:59  Extractor  
  197  17:02  Extractor  
  193  17:08  Zergling x2  
  193  17:09  Zergling x10  
  195  17:15  Drone  
  195  17:16  Drone  
  195  17:17  Drone x2  
  195  17:21  Drone  
  200  17:46  Zerg Flyer Armor Level 3  
  200  17:48  Zerg Flyer Weapons Level 3  
  200  17:50  Baneling  
  200  17:51  Baneling  
  154  18:25  Zergling x2  
  154  18:26  Zergling x14  
  154  18:30  Viper x2  
  154  18:33  Brood Lord x7  
  154  18:34  Brood Lord  
  176  18:36  Corruptor  
  176  18:37  Corruptor x8  
  176  18:38  Overseer  
  176  18:40  Infestor x2  
  199  18:54  Hatchery  
  198  18:58  Baneling x12  
  197  19:09  Brood Lord x2  
  200  19:20  Hatchery  
  199  19:24  Infestor x2  
  199  19:25  Infestor  
  197  20:02  Infestor x4  
  197  20:05  Zergling x10  
  200  20:20  Hatchery  
  199  20:30  Corruptor  
  198  21:01  Drone x3  
  190  21:07  Zergling x18  
  190  21:10  Hatchery  
  187  21:11  Zergling x2  
  187  21:12  Zergling x24  
  194  21:19  Ultralisk  
  169  21:55  Corruptor x6  
  169  21:57  Brood Lord x4  
  169  21:59  Overlord x2  
  186  22:04  Drone x4  
  186  22:07  Drone  
  186  22:08  Overseer, Overlord  
  186  22:09  Infestor  
  186  22:11  Overlord  
  186  22:12  Overseer, Overlord  
  181  22:35  Zergling x2  
  181  22:36  Zergling x20  
  181  22:37  Drone x7  
  183  22:47  Zergling x8  
  182  22:56  Zergling x2  
  183  23:02  Drone  
  183  23:08  Hatchery  
  183  23:12  Zergling x10  
  182  23:27  Zergling x12  
  181  23:53  Corruptor  
  181  23:54  Corruptor x2  
Tags
 
Add a new tag
Caveats
  • Supply blocks, unpowered buildings, or Contaminate may cause inaccurate times.
  • Supply counts are checked every 10 seconds.